 Dungeon Crawl Stone Soup version 0.31-a0-726-g3c93526463 (webtiles) character file.

Game seed: 2824567011887329456

203 Ordine the Ruffian (level 5, -1/34 HPs)
             Began as an Octopode Shapeshifter on Sept 11, 2023.
             Slain by an ogre
             ... wielding a +0 giant club
              (25 damage)
             ... on level 4 of the Dungeon.
             The game lasted 00:04:48 (2941 turns).

Ordine the Ruffian (Octopode Shapeshifter)          Turns: 2941, Time: 00:04:48

Health: -1/34      AC:  1    Str: 15    XL:     5   Next: 81%
Magic:  5/5        EV: 13    Int: 13    God:
Gold:   223        SH:  0    Dex: 11    Spells: 4/4 levels left

rFire   . .          .
                       - Unarmed
rCold   . . .        (no shield)
rNeg    . . .        (helmet currently unavailable)
rPois   .            (no amulet)
rElec   .            e - ring of flight
rCorr   .            (no ring)
SInv    .            (no ring)
Will    .....        (no ring)
Stlth   +++          (no ring)
HPRegen 0.25/turn    (no ring)
MPRegen 0.09/turn    (no ring)
                     (no ring)

%: no passive effects
@: beast-form, flying
A: beast (slay +2), almost no armour, amphibious, 8 rings, camouflage 1,
gelatinous body 1, (nimble swimmer 1), tentacles
a: Begin Untransformation


You were on level 4 of the Dungeon.
You were a hulking beast.
You visited 1 branch of the dungeon, and saw 4 of its levels.

You collected 223 gold pieces.

Inventory:

Jewellery
 e - a ring of flight (left tentacle)
Talismans
 b - a beast talisman (active)
 c - a flux talisman
 h - a maw talisman
Scrolls
 f - a scroll of revelation {unknown}
 j - 2 scrolls of identify {unknown}
Potions
 a - a potion of lignification
 d - a potion of berserk rage {unknown}
 g - a potion of brilliance {unknown}
 i - a potion of haste {unknown}


   Skills:
 + Level 2.3 Fighting
 + Level 2.8 Dodging
 + Level 3.0 Stealth
 * Level 4.4 Unarmed Combat
 + Level 3.5 Shapeshifting


You had 4 spell levels left.
You didn't know any spells.
Your spell library contained the following spells:

 Spells                   Type           Power      Damage    Failure   Level
 Apportation              Tloc           0%         N/A       30%         1
 Magic Dart               Conj           0%         1d3       30%         1
 Summon Small Mammal      Summ           0%         N/A       30%         1
 Jinxbite                 Hex            0%         N/A       43%         2
 Lesser Beckoning         Tloc           0%         N/A       43%         2
 Searing Ray              Conj           0%         2d4       43%         2
 Call Canine Familiar     Summ           0%         N/A       67%         3
 Gell's Gravitas          Tloc           0%         N/A       67%         3
 Sigil of Binding         Hex            0%         N/A       67%         3
 Summon Guardian Golem    Hex/Summ       0%         N/A       67%         3
 Teleport Other           Tloc           0%         N/A       67%         3
 Dimensional Bullseye     Hex/Tloc       0%         N/A       97%         4
 Fulminant Prism          Conj/Hex       0%         3d5       97%         4
 Leda's Liquefaction      Hex/Erth       0%         N/A       97%         4
 Alistair's Intoxication  Tmut/Pois      0%         N/A       100%        5
 Lee's Rapid Deconstruct  Erth           0%         3d4*      100%        5
 Leda's Unmaking          Conj/Erth      0%         9d1       100%        6


Dungeon Overview and Level Annotations

Branches:
Dungeon (4/15)
 Temple: D:4-7

Altars:
Fedhas
Kikubaaqudgha
Sif Muna
The Shining One

Annotations:
D:4 Eustachio


Innate Abilities, Weirdness & Mutations

You are a hulking beast.
Your limbs bulge with bestial killing power. (Slay +2)
You cannot wear most types of armour.
You are amphibious.
You can wear up to eight rings at the same time.
Your skin changes colour to match your surroundings (Stealth+).
Your rubbery body absorbs attacks. (AC +1, EV +1)
((You are camouflaged when in or above water. (Stealth+)))
You have tentacles for arms and can constrict up to eight enemies at once.


Message History

You tentacle-slap the hobgoblin.
You kill the hobgoblin!
You tentacle-slap the hobgoblin.
You kill the hobgoblin!
There is an open door here.
Things that are here:
a +0 club; a +0 club; a hobgoblin corpse You bludgeon the hobgoblin!
You kill the hobgoblin!
You tentacle-slap the hobgoblin but do no damage.
Your grab misses the hobgoblin. The hobgoblin barely misses you.
You tentacle-slap the hobgoblin. You grab the hobgoblin.
The hobgoblin is almost dead.
You constrict the hobgoblin.
You kill the hobgoblin!
No target in view!
No target in view!
You reach down and open the door.
An ogre comes into view. It is wielding a +0 giant club.
Found 6 stones.
There is an open door here.
A hobgoblin, Eustachio and a black bear come into view.
There is an open door here.
You see here a +0 sling.
There is an open door, spattered with blood here.
Items here: ))) †.
You reach down and close the door, pushing everything out of the way.
You start waiting.
An ogre opens the door.
It is wielding a +0 giant club.
There are no items here.
You tentacle-slap the ogre.
The ogre is lightly wounded.
The ogre hits you with a +0 giant club!
You closely miss the ogre.
The ogre is lightly wounded.
You tentacle-slap the ogre. You squeeze the ogre!
The ogre is moderately wounded.
The ogre hits you with a +0 giant club!!
Ouch! That really hurt!
You die...

≈≈≈≈≈≈≈≈≈≈≈≈≈≈≈≈≈≈≈≈≈≈≈≈≈≈≈≈≈≈≈≈≈
≈≈≈≈≈≈≈≈≈≈≈≈≈≈≈≈≈≈≈≈≈≈≈≈≈≈≈≈≈≈≈≈≈
≈≈≈≈≈≈≈≈≈≈≈≈≈≈≈≈≈≈≈≈≈≈≈≈≈≈≈≈≈≈≈≈≈
#################################
#....#.......#.....##
#.)..#....)..'......##
##....#########.......#
#.....)#†.............#
+.....hO).............'
#..)).)#).............#
##....#########.......#
#..).#......))......##
#....#.......#.[...##
#############''##################
≈≈≈≈≈≈≈≈≈≈~~....~≈≈≈≈≈≈≈≈≈≈≈≈≈≈≈≈
≈≈≈≈≈≈≈≈≈≈~~..).~≈≈≈~≈≈≈≈≈≈≈≈≈≈≈≈
~~~~~≈~~~~~..)...~~≈~~~≈~~≈~~~≈~~


You could see an ogre.

Vanquished Creatures
  Jessica (D:3)
  9 gnolls
  An adder (D:2)
  5 dart slugs
  An orc (D:2)
  5 ball pythons
  2 endoplasms
  2 giant cockroaches
  12 goblins
  16 hobgoblins
  3 bats
  2 frilled lizards
  6 kobolds
  3 rats
68 creatures vanquished.

Notes
Turn   | Place    | Note
-------+----------+-------------------------------------------
     0 | D:1      | Ordine the Octopode Shapeshifter began the quest for the
                  | Orb.
     0 | D:1      | Reached XP level 1. HP: 13/13 MP: 1/1
   165 | D:1      | Reached XP level 2. HP: 7/18 MP: 2/2
   265 | D:1      | Reached skill level 1 in Stealth
   549 | D:1      | Reached XP level 3. HP: 20/23 MP: 3/3
  1083 | D:2      | Reached XP level 4. HP: 21/28 MP: 4/4
  1429 | D:2      | Reached skill level 4 in Unarmed Combat
  1476 | D:3      | Reached XP level 5. HP: 18/34 MP: 5/5
  1574 | D:3      | Noticed Jessica
  1583 | D:3      | Killed Jessica
  1610 | D:3      | Found a shimmering blue altar of Sif Muna.
  1619 | D:3      | Found a glowing golden altar of the Shining One.
  1673 | D:3      | Found an ancient bone altar of Kikubaaqudgha.
  1785 | D:3      | Found a faded altar of an unknown god.
  2167 | D:3      | Found a blossoming altar of Fedhas.
  2914 | D:4      | Noticed an ogre
  2916 | D:4      | Noticed Eustachio
  2916 | D:4      | Noticed a black bear
  2941 | D:4      | Slain by an ogre

Illustrated notes

Levels and vault maps discovered:
D:1:      dpeg_arrival_houses_and_road, layout_basic
D:2:      layout_rooms, minmay_tree_intersection
D:3:      layout_loops_ring, nicolae_kikubaaqudgha_miasma_corner,
          fedhas_altar_4, amethyst_overflow_temple_binary,
          hellmonk_ecumenical_altar_heavens_door, nrook_mini_vaults,
          uniq_jessica
D:4:      minmay_goblin_kobold_castle, layout_rooms, temple_pool_b,
          uniq_eustachio, uniq_menkaure

Skill      XL: |  1  2  3  4  5 |
---------------+----------------+-----
Stealth        | 1 2 3 |  3.0
Fighting       | 2 |  2.3
Unarmed Combat | 4 |  4.4
Dodging        | |  2.8
Shapeshifting  | |  3.5

Action                     |  1- 3 |  4- 6 || total
---------------------------+-------+-------++-------
  Melee: Unarmed           |    72 |    73 ||   145
         Constrict         |    23 |    17 ||    40
         Tentacles         |     8 |    14 ||    22
         Punch             |     1 |     1 ||     2
   Stab: Sleeping          |     7 |     6 ||    13
 Armour: Skin              |    30 |    32 ||    62
  Dodge: Dodged            |    32 |    40 ||    72

Table legend: (Time is in decaauts)
 A = Elapsed time spent in this place.
 B = Non-inter-level travel time spent in this place.
 C = Inter-level travel time spent in this place.
 D = Time resting spent in this place.
 E = Time spent auto-exploring this place.
 F = Levels seen in this place.
 G = Mean time per level.
                   A        B        C        D        E       F      G
               +--------+--------+--------+--------+--------+-----+--------+
         Total |   2933 |   2656 |    277 |     47 |   2136 |   4 |  733.2 |
       Dungeon |   2933 |   2656 |    277 |     47 |   2136 |   4 |  733.2 |
               +--------+--------+--------+--------+--------+-----+--------+

Top non-repeatable levels by time:
     D:3: 826 daAuts
     D:1: 818 daAuts
     D:2: 720 daAuts
     D:4: 568 daAuts
